 Dungeon Crawl Stone Soup version 0.26-a0-1040-gbe3abf3417 (webtiles) character file.

Game seed: 1145914694274485640

2343 Dracia the Covert (level 9, -11/36 HPs)
             Began as a Kobold Enchanter on Dec 11, 2020.
             Was a Follower of Hepliaklqana.
             Mangled by an orc warrior
             ... wielding a +0 trident
              (21 damage)
             ... on level 8 of the Dungeon.
             The game lasted 00:17:54 (10347 turns).

Dracia the Covert (Kobold Enchanter)               Turns: 10347, Time: 00:17:54

Health: -11/36     AC: 10    Str:  5    XL:     9   Next: 70%
Magic:  9/17       EV: 15    Int: 15    God:    Hepliaklqana [*.....]
Gold:   476        SH:  0    Dex: 18    Spells: 7/19 levels left

rFire    . . .     SeeInvis +   n - +1 short sword (venom)
rCold    + . .     Faith    .   (shield restricted)
rNeg     . . .     Spirit   .   D - +2 robe {rC+}
rPois    +         Reflect  .   (helmet restricted)
rElec    .         Harm     .   d - +0 cloak
rCorr    .         Rampage  .   c - +1 pair of gloves
Will     +....                  q - +0 pair of boots
Stlth    +++++.....             (no amulet)
HPRegen  0.12/turn              P - ring of poison resistance
MPRegen  0.15/turn              v - ring of see invisible

@: lightly drained
A: small, reduced essence, horns 1, thin metallic scales 1, dopey 1, frail 1,
strong-willed 1, nightstalker 3, sense surroundings 1, evolution 1
a: Recall Ancestor, Ancestor Identity, Renounce Religion


You were on level 8 of the Dungeon.
You worshipped Hepliaklqana.
Hepliaklqana was aware of your devotion.
You visited 2 branches of the dungeon, and saw 9 of its levels.

You collected 476 gold pieces.


Innate Abilities, Weirdness & Mutations

You are small and have problems with some larger weapons.
You are completely attuned to the shadows.
Your life essence is reduced to manifest your ancestor. (-10% HP)
You have a pair of small horns on your head.
You are partially covered in thin metallic scales. (AC +2)
You are dopey. (Int -2)
You are frail. (-10% HP)
You are strong-willed. (Will+)
You passively map a small area around you.
You evolve.


   Skills:
 - Level 10.0(9.6) Short Blades
 - Level 2.4(2.1) Dodging
 - Level 10.0(9.6) Stealth
 + Level 5.6(5.3) Spellcasting
 + Level 5.9(5.6) Hexes


You had 7 spell levels left.
You knew the following spells:

 Your Spells              Type           Power        Failure   Level
d - Tukima's Dance        Hex            ###.....     4%          3
l - Dazzling Flash        Conj/Hex       ##....       16%         3
o - Confusing Touch       Hex            ###.....     4%          3
x - Ensorcelled Hibernat  Hex/Ice        ##....       8%          2
z - Corona                Hex            ###....      1%          1

Your spell library contained the following spells:

 Spells                   Type           Power        Failure   Level


Inventory:

Hand Weapons
 a - a +1 dagger
 l - a +0 hand crossbow
 n - a +1 short sword of venom (weapon)
Missiles
 g - 2 throwing nets {=f=f}
 k - 28 poisoned darts
 o - 5 datura-tipped darts
 u - 3 curare-tipped darts {=f=f}
Armour
 b - a +0 robe
 c - a +1 pair of gloves (worn)
 d - a +0 cloak (worn)
 q - a +0 pair of boots (worn)
 w - a +0 leather armour
 D - a +2 robe of cold resistance (worn)
Jewellery
 v - a ring of see invisible (right hand)
 L - an uncursed ring of flight
 P - a ring of poison resistance (left hand)
Wands
 f - a wand of iceblast (10)
 C - a wand of flame (34)
Scrolls
 e - 7 scrolls of identify {@r1@r1}
 h - a scroll of fog {unknown}
 p - 2 scrolls of enchant weapon
 r - 5 scrolls of remove curse {@r2@r2}
 s - 3 scrolls of magic mapping {unknown}
 t - a scroll of amnesia
 y - a scroll of blinking
 A - 3 scrolls of enchant armour {unknown}
 B - a scroll of noise {unknown}
 F - a scroll of teleportation {@r4@r4}
Potions
 i - a potion of resistance
 j - a potion of ambrosia
 m - a potion of cancellation
 x - a potion of flight {unknown}
 z - 2 potions of lignification {unknown}
 E - a potion of heal wounds {@q2@q2}

Dungeon Overview and Level Annotations

Branches:
Dungeon (8/15)             Temple (1/1) D:6
   Lair: D:8-11

Altars:
Ashenzari
Cheibriados
Dithmenos
Elyvilon
Fedhas
Gozag
Hepliaklqana
Kikubaaqudgha
Makhleb
Nemelex Xobeh
Okawaru
Qazlal
Ru
Sif Muna
Trog
Uskayaw
Vehumet
Wu Jian
Xom
Yredelemnul
The Shining One , * , #. , oo........

, , ##.####..., *,
#........ , , #....
.... , *#........,
, ....##.... *
#oozz..o., ,
#..).#.... ,
#ooo...., ,
...).†....# *
##o.....>
.###).....####
#@zo##..., , ,
.....##......#
#z### ...,
.............###.#
.. ,,
##...†....#...#..##
,
#........##......#*
* ,
#...........###...#
, , ##...<##....#
#...#
..##.###..####...#
,, ..##....... ,, ,
,


You could see an orc warrior, 4 wights, an orc priest (blind), an orc wizard and
3 orcs.


Message History

The orc wizard barely misses Akiya.
The wight hits Akiya with a +4 mace!
The orc misses you.
You hit the wight.
The wight is moderately damaged.
The orc warrior hits you from afar with a +0 trident!
* * * LOW HITPOINT WARNING * * *
Akiya barely misses the orc.
The orc priest closely misses you. The wight hits you but does no damage.
The wight barely misses you.
The wight hits Akiya but does no damage.
The orc barely misses Akiya.
Casting: Tukima's Dance (dangerous; 4% risk of failure)
Confirm with . or Enter, or press ? or * to list all spells.
The spell is quite dangerous to cast (16% risk of failure)!
Continue anyway?
The orc priest is dazzled.
The orc is dazzled.
The orc closely misses you.
The wight hits Akiya with a +4 mace.
The orc warrior barely misses you.
The orc priest hits you but does no damage.
Akiya hits the wight.
The wight misses you. The wight closely misses you.
The wight hits Akiya with a cursed +3 mace!
Akiya is destroyed!
You barely miss the wight.
The wight is moderately damaged.
The orc priest closely misses you.
You hit the wight but do no damage.
You headbutt the wight, but do no damage.
The wight is moderately damaged.
The wight hits you with a +0 whip.
* * * LOW HITPOINT WARNING * * *
The orc warrior hits you from afar with a +0 trident!!
Ouch! That really hurt!
You die...

Skill      XL: |  1  2  3  4  5  6  7  8  9 |
---------------+----------------------------+-----
Short Blades   | 2 3 4 5 6 7 10 | 10.0
Stealth        | 5 6 7 9 10 | 10.0
Spellcasting   | 3 5 |  5.6
Hexes          | 4 5 |  5.9
Dodging        | |  2.4

Action                   |  1- 3 |  4- 6 |  7- 9 || total
-------------------------+-------+-------+-------++-------
Melee: Dagger            |    62 |   209 |    80 ||   351
       Headbutt          |       |    11 |    73 ||    84
       Short sword       |       |       |   345 ||   345
 Cast: Ensorcelled Hiber |       |     1 |     1 ||     2
       Tukima's Dance    |       |       |     2 ||     2
       Dazzling Flash    |       |       |     2 ||     2
       Confusing Touch   |       |       |     1 ||     1
Invok: Recall Ancestor   |       |       |     2 ||     2
       Ancestor Identity |       |       |     2 ||     2
  Use: Potion            |       |     6 |     4 ||    10
       Scroll            |       |       |     8 ||     8
 Stab: Sleeping          |    21 |    20 |    30 ||    71
       Distracted        |       |       |     2 ||     2
Armor: Robe              |    11 |    19 |    10 ||    40
       Leather armour    |       |    13 |    70 ||    83
Dodge: Dodged            |    28 |   117 |   232 ||   377

Levels and vault maps discovered:
D:1:      tarquinn_simple_flora_water_c, layout_basic
D:2:      layout_basic, grunt_decor_arrowhead
D:3:      layout_loops_ring, dk_noncrumbling_4
D:4:      layout_layer_cave, uniq_natasha, uniq_menkaure
D:5:      layout_gridville, minmay_misc_feat_plants, grunt_ministairs_10,
          chequers_avenue
D:6:      layout_loops_cross, minmay_temple_entry_statues_pillars,
          uniq_eustachio, uniq_grinder
D:7:      layout_basic, kennysheep_generic_room_6
D:8:      layout_cave_pools, erik_lair_dragon, serial_shops, shop
Temple:   grunt_wide_crystal_templ

Notes
Turn   | Place    | Note
-------+----------+-------------------------------------------
     0 | D:1      | Dracia the Kobold Enchanter began the quest for the Orb.
     0 | D:1      | Reached XP level 1. HP: 10/10 MP: 3/3
    64 | D:1      | Reached skill level 2 in Short Blades
    87 | D:1      | Reached XP level 2. HP: 15/15 MP: 5/5
   318 | D:1      | Reached XP level 3. HP: 19/19 MP: 6/6
   394 | D:1      | Learned a level 2 spell: Ensorcelled Hibernation
   398 | D:1      | Learned a level 3 spell: Confusing Touch
   416 | D:1      | Reached skill level 5 in Stealth
   462 | D:1      | Reached skill level 3 in Short Blades
  1011 | D:2      | Reached XP level 4. HP: 20/24 MP: 7/7
  1943 | D:2      | Reached skill level 4 in Short Blades
  2229 | D:3      | Reached skill level 6 in Stealth
  2229 | D:3      | Reached XP level 5. HP: 23/28 MP: 8/8
  2602 | D:3      | Gained mutation: You are dopey. (Int -2) [potion of
                  | mutation]
  2602 | D:3      | Gained mutation: You have a pair of small horns on your
                  | head. [potion of mutation]
  2602 | D:3      | Gained mutation: You are strong-willed. (Will+) [potion of
                  | mutation]
  2602 | D:3      | Gained mutation: You evolve. [potion of mutation]
  3440 | D:4      | Reached skill level 5 in Short Blades
  3450 | D:4      | Reached XP level 6. HP: 32/32 MP: 9/9
  3500 | D:4      | Reached skill level 7 in Stealth
  3663 | D:4      | Gained mutation: You are partially covered in thin metallic
                  | scales. (AC +2) [evolution]
  3811 | D:4      | Noticed Menkaure
  3815 | D:4      | Killed Menkaure
  3816 | D:4      | Reached skill level 6 in Short Blades
  3816 | D:4      | Reached XP level 7. HP: 36/36 MP: 10/10
  3872 | D:4      | Reached skill level 8 in Stealth
  4146 | D:4      | You fall into a shaft and drop 1 floor!
  4146 | D:5      | Entered Level 5 of the Dungeon
  4322 | D:5      | HP: 3/36 [white imp (4)]
  4485 | D:4      | HP: 3/36 [poisoned by an orc]
  4493 | D:4      | HP: 2/36 [poisoned by an orc]
  5214 | D:4      | Learned a level 3 spell: Tukima's Dance
  5216 | D:4      | Identified a potion of resistance
  5491 | D:4      | Reached skill level 7 in Short Blades
  5518 | D:4      | Gained mutation: You are frail. (-10% HP) [evolution]
  5859 | D:4      | Noticed Natasha
  5863 | D:4      | Killed Natasha
  6141 | D:5      | Reached skill level 9 in Stealth
  6147 | D:5      | Reached XP level 8. HP: 36/36 MP: 11/11
  6191 | D:5      | You fall into a shaft and drop 2 floors!
  6201 | D:7      | Reached skill level 8 in Short Blades
  6496 | D:6      | Reached skill level 10 in Stealth
  6561 | D:6      | Noticed Eustachio
  6584 | D:6      | Killed Eustachio
  6585 | D:6      | Reached skill level 9 in Short Blades
  6719 | D:6      | Found a staircase to the Ecumenical Temple.
  6737 | Temple   | Entered the Ecumenical Temple
  6808 | Temple   | Became a worshipper of Hepliaklqana the Forgotten
  6842 | D:6      | Gained mutation: You passively map a small area around you.
                  | [evolution]
  6919 | D:6      | Reached skill level 3 in Spellcasting
  7183 | D:6      | Noticed Grinder
  7206 | D:6      | Killed Grinder
  7207 | D:6      | Reached skill level 10 in Short Blades
  7207 | D:6      | Reached skill level 4 in Hexes
  7207 | D:6      | Reached XP level 9. HP: 11/36 MP: 12/14
  7211 | D:6      | Learned a level 3 spell: Dazzling Flash
  7859 | D:5      | Reached skill level 4 in Spellcasting
  8883 | D:5      | Reached skill level 5 in Hexes
  9579 | D:6      | Reached * piety under Hepliaklqana
  9605 | D:6      | Reached skill level 5 in Spellcasting
 10347 | D:8      | Mangled by an orc warrior

Vanquished Creatures
  Grinder (D:6)
  Eustachio (D:6)
  Menkaure (D:4)
  A water moccasin (D:7)
  An ice beast (D:7)
  2 centaurs
  2 bullfrogs
  2 scorpions
  A wight (D:6)
  A howler monkey (D:8)
  2 hounds (D:4)
  5 orc priests
  5 orc wizards
  A centaur skeleton (D:7)
  2 bullfrog skeletons
  An iguana (D:6)
  3 worker ants
  Natasha (D:4)
  A hound skeleton (D:5)
  12 gnolls
  A howler monkey skeleton (D:6)
  9 adders
  A shadow imp (D:6)
  2 white imps
  An ufetubus (D:7)
  An ooze (D:1)
  2 adder zombies (D:5)
  3 worms
  3 dart slugs
  4 leopard geckos
  30 orcs
  A ball python (D:2)
  8 giant cockroaches
  9 goblins
  6 hobgoblins
  5 jackals
  6 quokkas
  8 bats
  3 frilled lizards
  2 jackal zombies
  6 kobolds
  A quokka skeleton (D:5)
  7 rats
165 creatures vanquished.

Vanquished Creatures (collateral kills)
  A phantom (D:6)
  A howler monkey (D:8)
  2 wights (D:6)
  A hound zombie (D:6)
  An adder (D:7)
  4 orcs
10 creatures vanquished.

Vanquished Creatures (others)
  2 ancestors
2 creatures vanquished.

Grand Total: 177 creatures vanquished

Table legend: (Time is in decaauts)
 A = Elapsed time spent in this place.
 B = Non-inter-level travel time spent in this place.
 C = Inter-level travel time spent in this place.
 D = Time resting spent in this place.
 E = Time spent auto-exploring this place.
 F = Levels seen in this place.
 G = Mean time per level.
                   A        B        C        D        E       F      G
               +--------+--------+--------+--------+--------+-----+--------+
         Total |  10170 |   9788 |    382 |   1762 |   6669 |   9 | 1130.0 |
       Dungeon |  10079 |   9731 |    348 |   1762 |   6617 |   8 | 1259.9 |
        Temple |     90 |     56 |     34 |      0 |     52 |   1 |   90.0 |
               +--------+--------+--------+--------+--------+-----+--------+

Top non-repeatable levels by time:
     D:4: 2404 daAuts
     D:5: 1817 daAuts
     D:6: 1533 daAuts
     D:2: 1372 daAuts
     D:3: 1148 daAuts
     D:1: 888 daAuts
     D:7: 820 daAuts
     D:8: 94 daAuts
  Temple: 90 daAuts

Table legend:
 A = Non-vault XP
 B = Vault XP
 C = Vault XP percentage of total XP
 D = Non-vault monster count
 E = Vault monster count
 F = Vault count percentage of total count
                 A         B        C        D         E       F
            +---------+---------+-------+---------+---------+-------
      Total |    2530 |     818 |  24.4 |     169 |       6 |   3.4
            +---------+---------+-------+---------+---------+-------
        D:1 |      64 |       0 |   0.0 |      26 |       0 |   0.0
        D:2 |      63 |       0 |   0.0 |      24 |       0 |   0.0
        D:3 |      96 |       0 |   0.0 |      19 |       0 |   0.0
        D:4 |     412 |     207 |  33.4 |      33 |       2 |   5.7
        D:5 |     505 |     108 |  17.6 |      26 |       2 |   7.1
        D:6 |     655 |     503 |  43.4 |      23 |       2 |   8.0
        D:7 |     512 |       0 |   0.0 |      11 |       0 |   0.0
        D:8 |     223 |       0 |   0.0 |       7 |       0 |   0.0
            +---------+---------+-------+---------+---------+-------
